 Dungeon Crawl Stone Soup version 0.31-a0-233-g139696dc86 (webtiles) character file.

Game seed: 16987283169501039509

11 qw the Shooter (level 2, 0/16 HPs)
             Began as a Gargoyle Hexslinger on July 8, 2023.
             Slain by a cerulean imp
             ... wielding a +0 spear
             ... summoned by Natasha
              (2 damage)
             ... on level 1 of the Dungeon.
             The game lasted 00:00:13 (587 turns).

qw the Shooter (Gargoyle Hexslinger)                 Turns: 587, Time: 00:00:14

Health: 0/16       AC:  4    Str: 11    XL:     2   Next: 25%
Magic:  3/3        EV: 12    Int: 13    God:
Gold:   26         SH:  0    Dex: 12    Spells: 2/3 levels left

rFire   . . .        Y - +1 sling
rCold   . . .        (no shield)
rNeg    + . .        c - +0 robe
rPois   inf          (no helmet)
rElec   +            (no cloak)
rCorr   .            (no gloves)
SInv    .            (no boots)
Will    .....        (no amulet)
Stlth   +            (no ring)
HPRegen 0.22/turn    (no ring)
MPRegen 0.08/turn

%: no passive effects
@: slowed, very slow
A: sickness immunity, AC +2, negative energy resistance 1, electricity
resistance, torment resistance 1, petrification resistance
a: no special abilities


You were on level 1 of the Dungeon.
You visited 1 branch of the dungeon, and saw 2 of its levels.

You collected 26 gold pieces.


Innate Abilities, Weirdness & Mutations

You are immune to sickness and miasma.
Your stone body is resilient. (AC +2)
You are immune to poison.
You resist negative energy. (rN+)
You are resistant to electric shocks. (rElec)
You are resistant to unholy torment.
You are immune to petrification.


   Skills:
 - Level 1.1 Fighting
 + Level 2.9 Ranged Weapons
 - Level 1.5 Dodging
 - Level 1.0 Spellcasting
 - Level 2.6 Hexes


You had 2 spell levels left.
You knew the following spells:

 Your Spells              Type           Power      Damage    Failure   Level
a - Slow                  Hex            28%        N/A       10%         1

Your spell library contained the following spells:

 Spells                   Type           Power      Damage    Failure   Level
 Inner Flame              Hex/Fire       4%         N/A       43%         3
 Portal Projectile        Hex/Tloc       8%         N/A       43%         3
 Cause Fear               Hex            3%         N/A       67%         4

Inventory:

Hand Weapons
 Y - a +1 sling (weapon)
Armour
 c - a +0 robe (worn)
Scrolls
 a - a scroll of identify
Potions
 d - a potion of curing {unknown}
 f - a potion of mutation {unknown}

Dungeon Overview and Level Annotations

Branches:
Dungeon (2/15)

Altars:

Annotations:
D:1 Natasha


Message History

Natasha barely misses you.
You climb upwards.
The cerulean imp disappears in a puff of smoke! x2
There is a stone staircase leading down here.
You shoot a sling bullet. The sling bullet barely misses Natasha.
Natasha closely misses you.
You shoot a sling bullet.
The sling bullet closely misses Natasha.
Natasha claws you.
You shoot a sling bullet. The sling bullet barely misses Natasha.
Natasha barely misses you.
You shoot a sling bullet. The sling bullet hits Natasha.
Natasha is heavily wounded.
Natasha seems less brilliant.
Natasha claws you.
You shoot a sling bullet. The sling bullet hits Natasha.
Natasha is severely wounded.
Natasha claws you. Natasha closely misses you.
You shoot a sling bullet. The sling bullet hits Natasha.
Natasha is severely wounded.
Natasha claws you but does no damage.
You shoot a sling bullet. The sling bullet barely misses Natasha.
Natasha claws you.
You shoot a sling bullet.
The sling bullet hits Natasha but does no damage.
Natasha is severely wounded.
Natasha claws you but does no damage.
Natasha stares at you and mumbles some strange words.
You feel yourself slow down.
You shoot a sling bullet. The sling bullet hits Natasha.
Natasha is severely wounded.
Natasha closely misses you.
You shoot a sling bullet.
The sling bullet closely misses Natasha.
Natasha claws you but does no damage.
Natasha casts a spell.
You shoot a sling bullet. The sling bullet hits Natasha.
Natasha is almost dead.
Natasha barely misses you.
The cerulean imp hits you from afar with a +0 spear.
You die...

### ###.# #¤?.# ##
#¤#.# .# #####¤#.#
.# ###.....#.#
.######.....###.##
.'..............@#
.######.#.#.##.#h##
.### #.#.#......5#
...####.#.....##..#
.#...##.###.......#
##.#.##...........#
###..#####.####...#
#.....####....#...#
#.<)....#####.#...#


You could see Natasha and a cerulean imp (summoned).

Vanquished Creatures
  4 bats (D:1)
  2 goblins (D:1)
  A hobgoblin (D:2)
  A kobold (D:1)
  A ball python (D:1)
  A rat (D:1)
10 creatures vanquished.

Notes
Turn   | Place    | Note
-------+----------+-------------------------------------------
     0 | D:1      | qw the Gargoyle Hexslinger began the quest for the Orb.
     0 | D:1      | Reached XP level 1. HP: 12/12 MP: 2/2
     0 | D:1      | 0 ||| qw: Version: 0.3-a-46-gb1f654a
     0 | D:1      | 0 ||| qw: Game counter: 3596
     0 | D:1      | 0 ||| qw: Melee chars always use a shield: true
     0 | D:1      | 0 ||| qw: God list: Okawaru
     0 | D:1      | 0 ||| qw: Allow faded altars: false
     0 | D:1      | 0 ||| qw: Do Orc after clearing Dungeon:15 true
     0 | D:1      | 0 ||| qw: Do second Lair branch before Depths: true
     0 | D:1      | 0 ||| qw: Lair rune preference: random
     0 | D:1      | 0 ||| qw: Goals: Normal
     0 | D:1      | 0 ||| PLANNING D:1-11
   295 | D:1      | Reached XP level 2. HP: 16/16 MP: 3/3
   530 | D:1      | 530 ||| DROPPING scarf of harm.
   531 | D:1      | 531 ||| READING 2 scrolls labelled OGUWEE NIRO.
   532 | D:1      | 532 ||| READING scroll labelled QITAYG YNNY.
   533 | D:1      | 533 ||| READING 3 scrolls labelled UTWYCO NIKOPN.
   534 | D:1      | 534 ||| DROPPING scroll of poison.
   535 | D:1      | 535 ||| DROPPING 2 scrolls of blinking.
   546 | D:2      | Noticed Natasha
   548 | D:2      | 548 ||| FLEEEEING.
   549 | D:2      | 549 ||| STAIRDANCE
   575 | D:2      | 575 ||| STAIRDANCE
   581 | D:1      | HP: 2/16 [Natasha (3)]
   587 | D:1      | Slain by a cerulean imp

Levels and vault maps discovered:
D:1:      dpeg_arrival_arbitrary_b, layout_basic
D:2:      layout_rooms, uniq_natasha

Action                     || total
---------------------------++-------
   Fire: Sling             ||    46
    Use: Scroll            ||     3
 Armour: Robe              ||    11
  Dodge: Dodged            ||    27

Table legend:
 A = Non-vault XP
 B = Vault XP
 C = Vault XP percentage of total XP
 D = Non-vault monster count
 E = Vault monster count
 F = Vault count percentage of total count
                 A         B        C        D         E       F
            +---------+---------+-------+---------+---------+-------
      Total |      16 |       0 |   0.0 |      10 |       0 |   0.0
            +---------+---------+-------+---------+---------+-------
        D:1 |      14 |       0 |   0.0 |       9 |       0 |   0.0
        D:2 |       2 |       0 |   0.0 |       1 |       0 |   0.0
            +---------+---------+-------+---------+---------+-------
